Get step-by-step instructions on how to execute this build order below. Start the game timer, and the build order will tick by so you can play in parallel with StarCraft on a second screen or mobile device.

Game Time

  0:00

Last Step

  N/A

Next Step

Upcoming Step



Don't want to look back and forth between 2 screens? Try out our Overwolf App, the Spawning Tool Build Advisor to get an in-game overlay with this build!

Complete Build Order

  12  0:00  SCV  
  13  0:12  SCV  
  14  0:17  Supply Depot  
  14  0:24  SCV  
  15  0:38  SCV  
  15  0:40  Barracks  
  16  0:44  Refinery  
  16  0:50  SCV  
  16  0:52  Refinery  
  17  1:02  SCV  
  18  1:14  SCV  
  19  1:27  Orbital Command, Reaper  
  19  1:31  Supply Depot  
  20  1:42  Factory  
  20  1:53  SCV  
  21  1:59  Reaper  
  22  2:05  SCV  
  23  2:17  SCV  
  23  2:21  Command Center  
  24  2:27  Cyclone  
  24  2:29  SCV  
  27  2:40  Starport  
  27  2:42  SCV  
  28  2:47  Supply Depot  
  28  2:52  Barracks Reactor  
  28  2:54  SCV  
  29  2:59  Cyclone  
  31  3:09  SCV  
  32  3:16  Medivac  
  34  3:21  SCV  
  35  3:33  Orbital Command, SCV  
  36  3:35  Refinery  
  36  3:37  Cyclone  
  36  3:38  Cyclone  
  40  3:45  SCV  
  40  3:47  Starport Tech Lab  
  41  3:57  SCV  
  41  3:58  SCV  
  43  4:06  Raven  
  43  4:09  SCV  
  46  4:10  SCV  
  46  4:16  Cyclone x2  
  51  4:21  SCV  
  51  4:22  Supply Depot  
  51  4:23  SCV  
  53  4:33  SCV  
  54  4:44  Raven, SCV  
  54  4:45  Command Center  
  57  4:50  Interference Matrix, SCV  
  57  4:51  Supply Depot  
  58  4:56  SCV  
  59  5:06  Barracks Tech Lab  
  58  5:08  SCV x2  
  59  5:15  Factory Reactor  
  59  5:19  Raven, Barracks x2  
  59  5:20  SCV x2  
  63  5:25  Supply Depot  
  63  5:28  Marine  
  63  5:29  Stimpack  
  63  5:32  SCV x2  
  63  5:34  Engineering Bay x2  
  66  5:44  SCV x2  
  66  5:50  Barracks  
  66  5:51  Barracks  
  66  5:56  SCV  
  66  5:57  SCV  
  68  6:04  Terran Infantry Weapons Level 1  
  68  6:05  Terran Infantry Armor Level 1  
  68  6:08  SCV  
  68  6:09  SCV  
  70  6:18  Refinery  
  70  6:19  Starport Reactor  
  70  6:20  SCV, Marine  
  70  6:21  SCV, Marine x3  
  70  6:22  Marine  
  77  6:29  Siege Tank, Missile Turret  
  77  6:30  Orbital Command  
  80  6:33  SCV  
  80  6:37  SCV  
  82  6:40  Barracks Reactor  
  82  6:41  Barracks Reactor  
  82  6:45  SCV  
  82  6:46  Marine x4  
  87  6:47  Marine  
  79  7:02  Siege Tank  
  79  7:03  Marine  
  79  7:04  Marine x3  
  79  7:05  Marine  
  78  7:21  Medivac, Marine x3  
  78  7:22  Orbital Command, Marine x2  
  84  7:23  Marine  
  86  7:35  Marine x2  
  85  7:39  Orbital Command, Marine x2  
  85  7:49  Medivac  
  87  7:52  SCV x2  
  89  8:02  Combat Shield  
  89  8:07  Marine  
  89  8:08  Marine x3  
  93  8:20  SCV x2  
  93  8:21  Marine x2, SCV  
  93  8:22  Marine  
  93  8:23  Marine x2  
  93  8:25  Marine  
  84  8:27  Marine x2  
  84  8:29  Marine  
  84  8:33  SCV x2  
  87  8:39  Marine x2  
  87  8:40  Marine  
  90  8:41  Marine x2  
  90  8:42  SCV  
  93  8:54  Supply Depot  
  93  8:55  Supply Depot  
  93  8:56  SCV, Marine x2  
  93  8:58  Armory  
  93  9:00  SCV  
  93  9:01  SCV  
  98  9:08  SCV  
  99  9:14  Siege Tank  
  99  9:16  SCV  
  99  9:17  SCV  
  102  9:20  SCV, Marine x2  
  102  9:22  Marine x2  
  111  9:29  Medivac x2, SCV x2  
  113  9:33  Supply Depot  
  113  9:34  Barracks Tech Lab  
  113  9:35  Barracks Tech Lab, Supply Depot  
  113  9:45  SCV x3  
  116  9:49  Command Center  
  116  9:56  Marine x2  
  116  9:57  SCV x2, Marine x2  
  116  9:59  Marauder x2  
  125  10:01  Marauder  
  125  10:03  Terran Infantry Weapons Level 2, Terran Infantry Armor Level 2  
  127  10:09  SCV x3  
  127  10:13  Supply Depot  
  130  10:14  Supply Depot  
  130  10:15  Supply Depot  
  129  10:30  Barracks  
  129  10:32  Barracks, Medivac x2  
  129  10:34  Barracks  
  129  10:35  SCV x3  
  136  10:39  Marauder  
  137  10:44  Marauder x2  
  137  10:45  Marine x4  
  137  10:47  SCV x3  
  148  10:50  Supply Depot  
  148  11:00  Marauder, Concussive Shells  
  148  11:02  Marine x2  
  152  11:05  SCV x3  
  152  11:06  Marauder  
  155  11:17  SCV x2  
  155  11:18  SCV  
  154  11:21  Barracks Reactor, Barracks Tech Lab, Marauder  
  154  11:22  Barracks Tech Lab, Marauder, Marine x2, Missile Turret  
  160  11:27  Orbital Command, Marauder  
  162  11:37  Viking x2  
  165  11:42  Marauder x2  
  168  11:52  Marauder x2  
  168  11:53  Marauder, Marine x3  
  177  12:04  Marauder  
  177  12:07  Marine  
  180  12:12  Marine  
  179  12:19  Marauder x4  
  179  12:20  Missile Turret  
  187  12:24  Missile Turret  
  187  12:28  Marine  
  188  12:31  Marine  
  188  12:33  Marine  
  188  12:34  Marine x2  
  188  12:36  Marauder  
  187  12:46  Viking x2  
  187  12:48  Marauder, Marine x2  
  187  12:49  Marauder  
  187  12:50  Marine  
  187  12:53  Supply Depot x2  
  187  12:54  Marauder x2  
  188  13:03  Command Center, Marauder  
  187  13:08  Siege Tank  
  187  13:14  Marauder x2  
  187  13:16  Marauder  
  189  13:20  Refinery x2  
  189  13:22  Supply Depot  
  189  13:23  Supply Depot  
  189  13:25  Supply Depot  
  180  13:30  Marauder x2  
  128  13:36  Orbital Command, Marauder x2  
  128  13:37  Marauder  
  128  13:40  Marine x3  
  96  13:41  Marine x2  
  96  13:42  Marine  
  89  13:52  Marauder x2  
  89  13:57  Marine, Marauder x2  
  89  13:58  Marauder, Marine x2  
  89  13:59  Marine x2  
  89  14:00  Marine  
  97  14:13  Marauder x2  
  97  14:15  Marine x2  
  104  14:17  Marine x2  
  104  14:19  Marauder x2  
  104  14:20  Marauder  
  108  14:32  Orbital Command  
  108  14:33  Marine  
  108  14:34  Marauder x2  
  108  14:35  Marine  
  112  14:40  Marauder x2  
  109  14:51  Marine  
  103  14:52  Marine